 Dungeon Crawl Stone Soup version 0.22.0-75-g3901e7991e (webtiles) character file.

1864877 martbhell the Conqueror (level 27, 280/281 HPs)
             Began as a Minotaur Berserker on Sept 13, 2018.
             Was a Believer of Trog.
             Escaped with the Orb
             ... and 3 runes on Sept 14, 2018!
             The game lasted 05:34:28 (58184 turns).

martbhell the Conqueror (Minotaur Berserker)       Turns: 58184, Time: 05:34:29

Health: 280/281    AC: 43    Str: 26    XL:     27
Magic:  29/29      EV: 28    Int:  6    God:    Trog [**....]
Gold:   5669       SH:  0    Dex: 23    Spells: 26/26 levels left

rFire    + + +     SeeInvis .   z - +1 executioner's axe "Tatzis" {flame, rPois rF+ MR+}
rCold    + + +     Gourm    .   (shield currently unavailable)
rNeg     + + .     Faith    +   w - +10 plate armour "Iminenno" {rPois rC++ rN+}
rPois    +         Spirit   .   E - +2 hat
rElec    +         Reflect  .   M - scarf {rC+ rF+}
rCorr    .         Harm     .   T - +2 pair of gloves
MR       +++..                  e - +2 pair of boots {run}
Stlth    ..........             D - amulet "Tulom" {Faith rElec rPois rN+}
HPRegen  0.56/turn              L - ring of the Cockroach {rF+ Int+2}
MPRegen  0.21/turn              m - ring of Reatrus {rElec rC+++ Str+4 Int-2 Dex+4}

@: very slightly contaminated, invisible (expiring), quick
A: retaliatory headbutt, horns 2, talons 1, rugged brown scales 1, camouflage 1,
cold resistance 1, weak 1, no potion heal 3, subdued magic 1
0: Orb of Zot
}: 3/15 runes: decaying, abyssal, gossamer
a: Berserk, Trog's Hand, Renounce Religion


You escaped.
You worshipped Trog.
Trog was pleased with you.
You were completely stuffed.

You visited 9 branches of the dungeon, and saw 47 of its levels.
You visited the Abyss 1 time.
You also visited: Labyrinth, Sewer, Wizlab and Desolation.

You collected 8242 gold pieces.
You spent 2573 gold pieces at shops.

Inventory:

Hand Weapons
 h - the +7 battleaxe of the Kidney {chop, rElec rF+ rN+}
   (Trog gifted it to you on level 13 of the Dungeon)

   It inflicts extra damage upon your enemies.
   It protects you from fire.
   It insulates you from electricity.
   It protects you from negative energy.
 z - the +1 executioner's axe "Tatzis" (weapon) {flame, rPois rF+ MR+}
   (Trog gifted it to you on level 4 of the Spider Nest)

   It has been specially enchanted to burn those struck by it, causing extra
   injury to most foes and up to half again as much damage against particularly
   susceptible opponents.
   Big, fiery blades are also staple armaments of hydra-hunters.
   It protects you from fire.
   It protects you from poison.
   It affects your resistance to hostile enchantments.
 R - the +4 battleaxe of the Lesser Evil {antimagic, rPois rN+}
   (Trog gifted it to you on level 6 of the Lair of Beasts)

   It reduces the magical energy of the wielder, and disrupts the spells and
   magical abilities of those hit.
   Natural abilities and divine invocations are not affected.
   It protects you from poison.
   It protects you from negative energy.
 X - the +8 whip "Snakebite" {curare, rPois}
   (You found it on level 5 of the Lair of Beasts)

   It poisons the flesh of those it strikes.
   It protects you from poison.
Missiles
 C - 3 poisoned javelins (quivered)
Armour
 e - a +2 pair of boots of running (worn)
 w - the +10 plate armour "Iminenno" (worn) {rPois rC++ rN+}
   (You bought it in a shop on level 2 of the Orcish Mines)

   It greatly protects you from cold.
   It protects you from poison.
   It protects you from negative energy.
 E - a +2 hat (worn)
 M - a scarf of resistance (worn)
 O - a scarf of cloud immunity
 T - a +2 pair of gloves (worn)
 V - a +5 scale mail of magic resistance
Jewellery
 a - the ring of Idetak {+Fly rC+ Dex+3}
   (You took it off a Cloud Mage in a wizard's laboratory)

   [ring of flight]

   It affects your dexterity (+3).
   It protects you from cold.
   It lets you fly.
 g - an uncursed ring of see invisible
 m - the ring of Reatrus (right hand) {rElec rC+++ Str+4 Int-2 Dex+4}
   (You found it on level 4 of the Realm of Zot)

   [ring of dexterity]

   It affects your strength (+4).
   It affects your intelligence (-2).
   It affects your dexterity (+4).
   It renders you almost immune to cold.
   It insulates you from electricity.
 r - an uncursed ring of poison resistance
 A - an uncursed ring of protection from fire
 D - the amulet "Tulom" (around neck) {Faith rElec rPois rN+}
   (You found it on level 6 of the Dungeon)

   [amulet of faith]

   It allows you to gain divine favour quickly.
   It insulates you from electricity.
   It protects you from poison.
   It protects you from negative energy.
 H - an uncursed ring of resist corrosion
 J - the ring "Hute" {Dex+2 Slay+3}
   (You found it on level 3 of the Spider Nest)

   [ring of dexterity]

   It affects your dexterity (+2).
   It affects your accuracy and damage with ranged weapons and melee attacks
   (+3).
 L - the ring of the Cockroach (left hand) {rF+ Int+2}
   (You found it on level 9 of the Dungeon)

   [ring of protection from fire]

   It affects your intelligence (+2).
   It protects you from fire.
Wands
 b - a wand of disintegration (30)
 d - a wand of polymorph (41)
 p - a wand of paralysis (48)
 q - a wand of digging (2)
 u - a wand of random effects (21)
 G - a wand of enslavement (31)
 N - a wand of scattershot (12)
 S - a wand of acid (3)
 W - a wand of flame (76)
Scrolls
 i - 20 scrolls of remove curse
 o - 15 scrolls of teleportation
 s - 7 scrolls of fog
 B - 5 scrolls of identify
 I - 10 scrolls of immolation
 P - 3 scrolls of silence
 Q - 5 scrolls of blinking
 U - 6 scrolls of magic mapping
 Y - 3 scrolls of fear
Potions
 j - 12 potions of curing
 k - 2 potions of might
 l - 2 potions of cancellation
 n - 2 potions of agility
 v - 2 potions of resistance
 x - 4 potions of heal wounds
 F - 3 potions of flight
Miscellaneous
 y - a lightning rod (4/4)
 K - a fan of gales
Comestibles
 c - 24 rations


   Skills:
 O Level 27 Fighting
 - Level 26.0 Axes
 O Level 27 Armour
 * Level 25.6 Dodging
 + Level 10.0 Evocations


You had 26 spell levels left.
You didn't know any spells.
Your spell library was empty.

Dungeon Overview and Level Annotations

Branches:
Dungeon (15/15)            Temple (0/1) D:7            Lair (6/6) D:9
  Swamp (4/4) Lair:3       Spider (4/4) Lair:2        Slime (0/5) Lair:5
    Orc (2/2) D:12            Elf (2/3) Orc:2        Vaults (4/5) D:13
  Crypt (0/3) Vaults:2     Depths (5/5) D:15            Zot (5/5) Depths:5

Altars:
Ashenzari
Cheibriados
Dithmenos
Elyvilon
Fedhas
Gozag
Hepliaklqana
Kikubaaqudgha
Nemelex Xobeh
Sif Muna
Trog
Wu Jian
Xom
Yredelemnul
Beogh

Shops:
D:12 *   Orc:2 (**[}   Elf:2 }=}   Vaults:3 }   Vaults:4 %([   Depths:1 [(*
Depths:2 (

Portals:
Hell: Depths:1 Depths:2 Depths:3 Depths:4 Depths:5
Abyss: Depths:1 Depths:2 Depths:5
Pandemonium: Depths:1 Depths:3
Ziggurat: Depths:4

Annotations:
Lair:6 1 exclusion
Vaults:2 Mennas! shieeet, Mennas
Vaults:4 beware!, Mara
Depths:5 abyss??


Innate Abilities, Weirdness & Mutations

You reflexively headbutt those who attack you in melee.
You have a pair of horns on your head.
You have sharp toenails.
You are partially covered in rugged brown scales. (AC +1, +3% HP)
Your skin changes colour to match your surroundings (Stealth+).
Your flesh is cold resistant. (rC+)
You are weak. (Str -2)
Potions cannot restore your health.
Your spells are a little easier to cast, but a little less powerful.


Message History

Evoke which item? (* to show all) (? for menu, Esc to quit)
Aiming: Dig
Press: ? - help, Shift-Dir - straight line A rock wall.
This square is covered in magical glow.
The rock shatters into small pieces.
The Orb Guardian hits you.
The Orb Guardian hits you but does no damage.
The neqoxec gestures at you.
Something tries to feed on your intellect!
An ufetubus comes into view.
The Orb Guardian closely misses you. You furiously retaliate!
You headbutt the Orb Guardian! The ufetubus completely misses you.
The ufetubus hits you but does no damage.
The Orb Guardian hits you but does no damage.
There is a staircase leading out of the dungeon here.
You flicker for a moment.
The Orb Guardian misses you. The ufetubus completely misses you.
The ufetubus misses you.
You have escaped!

#####
####8@8####
##....X5...##
#8.........8#
#....3......#
#8.........8#
##.........##
#.........#
##.###'#####
###.###..#


You could see an Orb Guardian, a neqoxec and an ufetubus.

Vanquished Creatures
  5 orbs of fire (Zot:5)
  5 ancient liches (Zot:5)
  4 juggernauts
  Frederick (Vaults:2)
  Margery (Depths:3)
  the Lernaean hydra (Swamp:4)
  The ghost of Hyrafo Surgh the Demolition Dwarf, a veteran DDFi of Makhleb (Zot:2)
  2 Killer Klowns (Zot:5)
  2 curse toes
  8 caustic shrikes
  8 golden dragons
  Jory (Vaults:2)
  A bone dragon (Abyss:3)
  6 electric golems
  5 liches
  A Cloud Mage (WizLab)
  14 tentacled monstrosities
  6 quicksilver dragons
  25 Orb Guardians
  4 titans
  6 death cobs
  Frances (Elf:1)
  4 tentacled starspawn
  4 sphinxes
  An ancient champion (Depths:4)
  A thorn hunter (Swamp:3)
  A kraken (Abyss:4)
  5 shadow dragons
  9 storm dragons
  Kirke (Lair:5)
  A tengu reaver (Depths:2)
  10 frost giants
  6 draconian monks
  9 fire giants
  3 deep elf sorcerers
  3 vault wardens
  An orc warlord (Depths:1)
  10 draconian knights
  7 ghost moths
  An iron dragon (Depths:2)
  8 emperor scorpions
  5 draconian scorchers
  2 imperial myrmidons (Desolation)
  A balrug (Abyss:1)
  12 ironheart preservers
  3 draconian shifters
  3 draconian stormcallers
  9 draconian annihilators
  14 very ugly things
  A war gargoyle (Vaults:2)
  2 spriggan defenders (Depths:5)
  4 vampire knights
  3 entropy weavers
  19 stone giants
  11 black draconians
  13 green draconians
  A lorocyproca (Abyss:1)
  4 halazid warlocks (Desolation)
  13 red draconians
  8 spark wasps
  Azrael (Spider:1)
  4 deep elf annihilators
  13 white draconians
  22 yellow draconians
  A minotaur (Lab)
  11 purple draconians
  A spark wasp (shapeshifter) (Depths:2)
  An eidolon (Vaults:2)
  7 ettins
  4 jiangshi
  4 blizzard demons (WizLab)
  Snorg (Lair:3)
  9 fire dragons
  3 deep elf death magi
  A green death (Abyss:1)
  A crystal guardian (Desolation)
  8 yaktaur captains
  13 great orbs of eyes
  8 ragged hierophants (Desolation)
  8 vault guards
  Harold (Orc:1)
  8 ice dragons
  7 peacekeepers (Desolation)
  31 hydras
  4 ghost crabs
  11 rakshasas
  3 deep elf high priests
  6 servants of whispers (Desolation)
  12 spriggan air magi
  2 hell beasts
  Erica (D:13)
  10 centaur warriors
  2 death knights
  20 ogre magi
  23 dancing weapons
  2 vampire magi
  18 alligators
  2 death yaks (Lair:6)
  61 two-headed ogres
  4 tengu warriors
  7 deep troll earth magi
  7 small abominations
  An orc high priest (Depths:1)
  5 deep troll shamans
  9 thrashing horrors
  A shock serpent (WizLab)
  11 spriggan berserkers
  19 deep elf knights
  2 shadow wraiths (Vaults:2)
  2 sun demons
  6 skeletal warriors
  A fire crab (shapeshifter) (Vaults:1)
  3 iron trolls
  3 wretched stars
  A sea snake (shapeshifter) (Depths:3)
  5 hell knights
  A salamander mystic (Depths:1)
  4 death drakes (WizLab)
  A fire crab (Abyss:4)
  A deep troll (shapeshifter) (Depths:1)
  3 sixfirhies
  An unseen horror (shapeshifter) (Depths:4)
  22 deep trolls
  2 unseen horrors
  3 glowing orange brains
  A quicksilver dragon simulacrum (Depths:4)
  16 swamp dragons
  14 deep elf archers
  2 spriggan druids
  4 shambling mangroves
  13 ironbrand convokers
  6 wizards
  2 flayed ghosts
  6 necromancers
  14 large abominations
  10 wolf spider zombies (Spider:1)
  9 harpies
  4 phantasmal warriors
  A sphinx zombie (Depths:2)
  5 orc sorcerers
  17 orb spiders
  9 orc knights
  29 wolf spiders
  A tengu skeleton (Depths:2)
  7 cyclopes
  46 ugly things
  62 deep elf magi
  2 sphinx skeletons (Depths:2)
  6 manticores
  28 moths of wrath
  A stone giant zombie (Depths:2)
  4 salamanders
  A worldbinder (Abyss:1)
  A frost giant zombie (Depths:1)
  4 black mambas
  A molten gargoyle (Desolation)
  An eye of devastation (Abyss:3)
  13 elephants
  4 orange demons
  Maurice (D:8)
  6 guardian serpents
  A smoke demon (Abyss:1)
  2 gargoyles
  7 vault sentinels
  A torpor snail (Spider:3)
  7 apocalypse crabs
  A centaur skeleton (D:12)
  5 komodo dragons
  17 spiny frogs
  9 demonic crawlers
  3 kobold demonologists
  3 efreet
  23 yaktaurs
  A red devil (Abyss:1)
  2 ancient zymes (Abyss:3)
  A golden dragon simulacrum (Depths:2)
  2 freezing wraiths
  4 trolls
  7 redback zombies (Spider:1)
  An ice devil (Abyss:1)
  6 tengu conjurers
  A queen bee (Lair:3)
  A queen bee (shapeshifter) (Vaults:3)
  31 jumping spiders
  13 tyrant leeches
  4 wind drakes (WizLab)
  7 polar bears
  33 hornets
  A hornet (shapeshifter) (Depths:1)
  A meliai (shapeshifter) (D:13)
  An ettin zombie (Depths:1)
  A spriggan zombie (Depths:2)
  19 bog bodies
  46 slime creatures
  49 saltlings (Desolation)
  4 raiju (Abyss:4)
  7 tarantella zombies (Spider:1)
  15 blink frogs
  7 hippogriffs
  2 frost giant simulacra
  3 dream sheep
  2 stone giant simulacra
  A hippogriff (shapeshifter) (Vaults:4)
  3 shadows
  11 air elementals (WizLab)
  An ettin skeleton (Depths:2)
  An ice dragon skeleton (Abyss:1)
  A vampire (D:13)
  81 redbacks
  22 spriggans
  3 ynoxinuls
  27 tarantellas
  2 wyverns
  A human (shapeshifter) (Vaults:3)
  9 wraiths
  3 neqoxecs (Abyss:3)
  18 yaks
  6 fire elementals
  4 hogs
  A hungry ghost (D:9)
  12 vampire mosquitoes
  3 chaos spawn
  2 steam dragons
  2 basilisks
  10 insubstantial wisps (Swamp:2)
  A soldier ant (shapeshifter) (Depths:2)
  13 swamp worms
  5 wargs
  An acid dragon (D:14)
  13 water moccasins
  A soldier ant (D:13)
  A floating eye (Depths:2)
  10 hell hounds
  A porcupine (shapeshifter) (Vaults:2)
  5 porcupines
  5 ice beasts
  3 black bears
  2 ettin simulacra
  13 orc warriors
  A black bear (shapeshifter) (Depths:2)
  An eye of draining (Abyss:1)
  A phantom (D:4)
  11 swamp drakes
  4 sky beasts
  2 necrophages
  27 wolves
  An ogre (shapeshifter) (Depths:4)
  10 boggarts
  62 ogres
  20 centaurs
  10 crocodiles
  A big kobold (shapeshifter) (Vaults:1)
  17 bullfrogs
  5 big kobolds
  2 earth elementals
  9 scorpions
  3 killer bees (D:12)
  A water moccasin skeleton (D:12)
  8 wights
  7 howler monkeys
  2 centaur zombies
  9 crimson imps
  10 starcursed masses
  3 bullfrog zombies
  5 quasits
  2 bullfrog skeletons
  6 hounds
  9 jellies
  15 orc wizards
  5 human zombies (D:10)
  15 orc priests
  4 iguanas
  2 iron imps
  Natasha (twice) (D:2)
  11 worker ants
  A hound skeleton (D:4)
  A mummy (D:10)
  A worker ant zombie (D:7)
  2 river rats
  11 adders
  8 gnolls
  2 shadow imps
  2 white imps
  An ufetubus (Abyss:1)
  5 oozes
  5 worms
  2 dart slugs
  3 leopard geckos
  73 orcs
  7 ball pythons
  7 giant cockroaches
  A goblin (shapeshifter) (Depths:4)
  3 goblins
  9 hobgoblins
  4 jackals (D:5)
  23 kobolds
  8 quokkas
  7 bats
  3 frilled lizards
  A jackal zombie (D:6)
  A quokka skeleton (D:4)
  8 rats
  A briar patch (Swamp:3)
  2 crawling corpses (Depths:4)
  5 fire vortices (Depths:4)
  5 fungi
  8 plants
  4 tentacles (Abyss:4)
2318 creatures vanquished.

Vanquished Creatures (collateral kills)
  An emperor scorpion (Spider:4)
  A crystal guardian (Desolation)
  A ragged hierophant (Desolation)
  Fannar (Lair:3)
  A servant of whispers (Desolation)
  2 two-headed ogres (Orc:1)
  A dancing weapon (Elf:2)
  3 ogre magi
  A deep elf knight (Elf:2)
  A skeletal warrior (Vaults:1)
  A shadow wraith (Vaults:2)
  A starcursed mass (Abyss:3)
  A deep troll (Depths:2)
  3 deep elf magi
  An orb spider (Spider:4)
  An orc sorcerer (D:14)
  A vault sentinel (Vaults:2)
  A komodo dragon (Lair:3)
  2 kobold demonologists (D:14)
  A demonic crawler (Spider:4)
  A troll (Orc:1)
  5 saltlings (Desolation)
  A hornet (Lair:6)
  A hippogriff (Lair:3)
  A redback (Spider:4)
  A basilisk (Lair:3)
  4 yaks
  A chaos spawn (Abyss:3)
  2 wargs (Vaults:2)
  An orc warrior (Orc:1)
  2 eyes of draining (D:14)
  2 small abominations
  A wolf (Lair:6)
  An ogre (Orc:1)
  A boggart (D:14)
  A hound (D:8)
  An orc wizard (Orc:1)
  A shadow imp (D:8)
  4 orcs (Orc:1)
58 creatures vanquished.

Vanquished Creatures (others)
  A ghost moth (Spider:3)
  2 draconian knights
  A blizzard demon (WizLab)
  A great orb of eyes (Vaults:1)
  A peacekeeper (Desolation)
  A spriggan air mage (WizLab)
  A deep troll (Depths:4)
  A deep elf archer (Elf:1)
  A deep elf mage (Elf:1)
  2 moths of wrath (Zot:5)
  An apocalypse crab (WizLab)
  A redback (Spider:4)
  2 vampire mosquitoes (Swamp:2)
  An ogre (Orc:2)
  A boggart (Lair:6)
  2 orcs
  2 fire vortices (Depths:4)
  6 fungi
  4 plants
  6 starspawn tentacles
38 creatures vanquished.

Grand Total: 2414 creatures vanquished

Notes
Turn   | Place    | Note
-------+----------+-------------------------------------------
     0 | D:1      | martbhell the Minotaur Berserker began the quest for the
                  | Orb.
     0 | D:1      | Reached XP level 1. HP: 19/19 MP: 0/0
   194 | D:1      | Reached XP level 2. HP: 25/27 MP: 1/1
   303 | D:2      | Reached XP level 3. HP: 33/33 MP: 2/2
   544 | D:2      | Noticed Natasha
   546 | D:2      | Reached ** piety under Trog
   553 | D:2      | Killed Natasha
   553 | D:2      | Reached XP level 4. HP: 37/41 MP: 3/3
   755 | D:2      | Found a hazy altar of Hepliaklqana.
   762 | D:2      | Noticed Natasha
   767 | D:2      | Killed Natasha
  1155 | D:3      | Found an opulent altar of Gozag.
  1231 | D:3      | Reached skill level 5 in Fighting
  1231 | D:3      | Reached XP level 5. HP: 39/48 MP: 4/4
  1245 | D:3      | Reached skill level 5 in Axes
  1976 | D:4      | Found an ornate altar of the Wu Jian Council.
  2022 | D:4      | Gained mutation: You evolve. [potion of mutation]
  2022 | D:4      | Gained mutation: You passively map a small area around you.
                  | [potion of mutation]
  2022 | D:4      | Gained mutation: You have large cloven feet. [potion of
                  | mutation]
  2022 | D:4      | Gained mutation: Your skin changes colour to match your
                  | surroundings (Stealth+). [potion of mutation]
  2081 | D:4      | Reached skill level 1 in Evocations
  2124 | D:4      | Reached XP level 6. HP: 56/56 MP: 5/5
  2251 | D:4      | Gained mutation: You possess an exceptional clarity of
                  | mind. [evolution]
  2335 | D:4      | Found a basalt altar of Yredelemnul.
  2457 | D:4      | Found a shimmering altar of Xom.
  2514 | D:4      | Found a blossoming altar of Fedhas.
  2588 | D:5      | Entered Level 5 of the Dungeon
  2655 | D:5      | Reached *** piety under Trog
  2711 | D:5      | Reached XP level 7. HP: 63/63 MP: 7/7
  3127 | D:5      | Found an ancient bone altar of Kikubaaqudgha.
  3449 | D:6      | Reached XP level 8. HP: 73/73 MP: 8/8
  3461 | D:6      | Reached skill level 5 in Armour
  3510 | D:6      | Found a glowing drain.
  3525 | Sewer    | Entered a sewer
  3589 | Sewer    | Reached **** piety under Trog
  3972 | D:6      | Found a bloodstained altar of Trog.
  4063 | D:6      | Got a shimmering lead amulet
  4065 | D:6      | Identified the amulet "Tulom" {Faith rElec rPois rN+} (You
                  | found it on level 6 of the Dungeon)
  4148 | D:6      | Found a shadowy altar of Dithmenos.
  4158 | D:6      | Found a snail-covered altar of Cheibriados.
  4460 | D:7      | Found a staircase to the Ecumenical Temple.
  4549 | D:7      | Reached skill level 5 in Dodging
  4567 | D:7      | Identified a +2 pair of boots of running (You found it on
                  | level 7 of the Dungeon)
  5067 | D:8      | Reached XP level 9. HP: 82/82 MP: 9/9
  5115 | D:8      | Noticed Maurice
  5128 | D:8      | Killed Maurice
  5176 | D:8      | Found a shattered altar of Ashenzari.
  5204 | D:8      | Gained mutation: Your muscles are strong. (Str +2)
                  | [evolution]
  5358 | D:8      | Found a white marble altar of Elyvilon.
  5521 | D:8      | Reached skill level 10 in Fighting
  5521 | D:8      | Reached skill level 10 in Axes
  5581 | D:8      | Noticed a three-headed hydra
  5591 | D:8      | Killed a three-headed hydra
  5591 | D:8      | Reached XP level 10. HP: 56/94 MP: 10/10
  5785 | D:9      | Identified a scroll of acquirement
  5842 | D:10     | Entered Level 10 of the Dungeon
  5853 | D:9      | Found a staircase to the Lair.
  6077 | D:9      | Got a flickering golden ring
  6082 | D:9      | Reached ***** piety under Trog
  6084 | D:9      | Identified the ring of the Cockroach {rF+ Int+2} (You found
                  | it on level 9 of the Dungeon)
  7040 | D:10     | Noticed a gargoyle
  7060 | D:10     | Killed a gargoyle
  7327 | D:10     | Noticed a two-headed ogre
  7337 | D:10     | Killed a two-headed ogre
  7349 | D:10     | Lost mutation: Your muscles are strong. (Str +2)
                  | [evolution]
  7729 | D:10     | Found an ancient bone altar of Kikubaaqudgha.
  7750 | D:10     | Reached XP level 11. HP: 104/104 MP: 11/11
  7896 | D:11     | Received a gift from Trog
  8758 | D:13     | Noticed an enchanted double sword
  8758 | D:13     | Noticed a deep elf knight
  8758 | D:13     | Noticed a hell knight
  8779 | D:12     | Found Hegaac's Assorted Antiques.
  8793 | D:12     | Bought a scroll of identify for 68 gold pieces
  9043 | D:12     | Noticed a two-headed ogre
  9049 | D:12     | Killed a two-headed ogre
  9280 | D:12     | Found a staircase to the Orcish Mines.
  9285 | Orc:1    | Entered Level 1 of the Orcish Mines
  9285 | Orc:1    | Noticed a two-headed ogre
  9285 | Orc:1    | Noticed an orc sorcerer
  9287 | Orc:1    | Noticed a two-headed ogre
  9292 | Orc:1    | Killed a two-headed ogre
  9294 | Orc:1    | Killed an orc sorcerer
  9295 | Orc:1    | Noticed an ogre mage
  9295 | Orc:1    | Noticed a two-headed ogre
  9295 | Orc:1    | Noticed a two-headed ogre
  9297 | Orc:1    | Killed a two-headed ogre
  9299 | Orc:1    | Noticed Harold
  9300 | Orc:1    | Noticed an orc knight
  9302 | Orc:1    | Killed an ogre mage
  9303 | Orc:1    | Killed a two-headed ogre
  9303 | Orc:1    | Reached XP level 12. HP: 69/115 MP: 4/12
  9305 | Orc:1    | Killed a two-headed ogre
  9305 | Orc:1    | Reached skill level 10 in Armour
  9310 | Orc:1    | Killed Harold
  9312 | Orc:1    | Reached ****** piety under Trog
  9510 | Orc:1    | Found a roughly hewn altar of Beogh.
  9513 | Orc:1    | Noticed a two-headed ogre
  9521 | Orc:1    | Killed a two-headed ogre
  9654 | Orc:1    | Received a gift from Trog
  9941 | Lair:1   | Entered Level 1 of the Lair of Beasts
 10236 | Lair:2   | Lost mutation: You evolve. [evolution]
 10670 | Lair:2   | Found a hole to the Spider Nest.
 10941 | Lair:2   | You fall through a shaft for 2 floors!
 10983 | Lair:3   | Found a staircase to the Swamp.
 10997 | Lair:3   | Found a labyrinth entrance.
 11006 | Lab      | Entered a labyrinth
 11092 | Lab      | Noticed a minotaur
 11102 | Lab      | Killed a minotaur
 11204 | Lair:3   | Noticed Sonja
 11205 | Lair:3   | Noticed Sonja
 11205 | Lair:3   | Sonja changed into Sonja the queen bee
 11212 | Lair:3   | Killed Sonja the queen bee
 11218 | Lair:3   | Noticed Fannar
 11230 | Lair:3   | Killed Fannar
 11236 | Lair:3   | Reached skill level 10 in Dodging
 11459 | Lair:3   | Noticed Snorg
 11475 | Lair:3   | Killed Snorg
 11589 | Lair:4   | Reached XP level 13. HP: 102/125 MP: 4/14
 11594 | Lair:4   | Reached skill level 15 in Axes
 11745 | Lair:5   | Received a gift from Trog
 11759 | Lair:5   | Noticed Kirke
 12030 | Lair:6   | Entered Level 6 of the Lair of Beasts
 12046 | Lair:6   | Reached skill level 15 in Fighting
 12227 | Lair:5   | Killed Kirke
 12562 | Lair:5   | Found a staircase to the Slime Pits.
 12984 | Lair:5   | Found the +8 whip "Snakebite" {curare, rPois}
 13413 | Lair:6   | Received a gift from Trog
 13649 | Lair:6   | Received a gift from Trog
 13665 | Lair:6   | Got a steaming battleaxe {god gift}
 13675 | Lair:6   | Identified the +4 battleaxe of the Lesser Evil {antimagic,
                  | rPois rN+} (Trog gifted it to you on level 6 of the Lair of
                  | Beasts)
 13711 | Lair:6   | Reached XP level 14. HP: 83/135 MP: 5/15
 15191 | Orc:2    | Entered Level 2 of the Orcish Mines
 15262 | Orc:2    | Found a staircase to the Elven Halls.
 15348 | Orc:2    | Received a gift from Trog
 15414 | Orc:2    | HP: 3/137 [ogre mage/bolt of cold (29)]
 15728 | Orc:2    | Found Isupn's Gadget Emporium.
 15749 | Orc:2    | Found Cuphefuab's Assorted Antiques.
 15749 | Orc:2    | Found Icaecy's Armour Shop.
 15750 | Orc:2    | Found Saeniuc's Weapon Boutique.
 15750 | Orc:2    | Found Popsouho's Assorted Antiques.
 15768 | Orc:2    | Bought a glittering brass ring for 125 gold pieces
 15772 | Orc:2    | Bought a potion of heal wounds for 140 gold pieces
 16333 | D:13     | Identified the ring of Janec {Int+3 Stlth+} (You bought it
                  | in a shop on level 2 of the Orcish Mines)
 16407 | D:13     | Noticed Erica
 16414 | D:13     | Killed Erica
 16855 | D:13     | Received a gift from Trog
 16861 | D:13     | Got a steaming battleaxe {god gift}
 16875 | D:13     | Reached XP level 15. HP: 99/145 MP: 5/16
 16879 | D:13     | Found a gate to the Vaults.
 16881 | D:13     | Identified the +7 battleaxe of the Kidney {chop, rElec rF+
                  | rN+} (Trog gifted it to you on level 13 of the Dungeon)
 17658 | D:15     | Entered Level 15 of the Dungeon
 17835 | Spider:1 | Entered Level 1 of the Spider Nest
 18299 | Spider:1 | Noticed Azrael
 18308 | Spider:1 | Killed Azrael
 18308 | Spider:1 | Received a gift from Trog
 18799 | Spider:2 | Killed a ghost moth
 19205 | Spider:3 | Received a gift from Trog
 19241 | Spider:3 | Got a scintillating silver ring
 19243 | Spider:3 | Identified the ring "Hute" {Dex+2 Slay+3} (You found it on
                  | level 3 of the Spider Nest)
 19888 | Spider:3 | Killed a ghost moth
 20162 | Spider:3 | Reached XP level 16. HP: 135/155 MP: 17/17
 20434 | Spider:4 | Entered Level 4 of the Spider Nest
 20444 | Spider:4 | Received a gift from Trog
 21041 | Spider:4 | Reached skill level 15 in Armour
 21473 | Spider:4 | Received a gift from Trog
 21474 | Spider:4 | Got a steaming executioner's axe {god gift}
 21781 | Spider:4 | Got a gossamer rune of Zot
 21911 | Spider:4 | Identified the +1 executioner's axe "Tatzis" {flame, rPois
                  | rF+ MR+} (Trog gifted it to you on level 4 of the Spider
                  | Nest)
 22814 | Swamp:1  | Entered Level 1 of the Swamp
 22882 | Swamp:1  | Received a gift from Trog
 23424 | Swamp:1  | Got a crude diamond amulet
 23425 | Swamp:1  | Identified the amulet "Miska" {rC+ MR+ Regen+ Str-3 Dex+4}
                  | (You found it on level 1 of the Swamp)
 23869 | Swamp:1  | Reached XP level 17. HP: 160/166 MP: 6/18
 24207 | Swamp:2  | Reached skill level 15 in Dodging
 25401 | Swamp:1  | Received a gift from Trog
 27156 | Swamp:3  | Paralysed by a hornet for 1 turns
 27310 | Swamp:4  | Entered Level 4 of the Swamp
 27975 | Swamp:4  | Noticed the 27-headed Lernaean hydra
 27988 | Swamp:4  | Killed the 27-headed Lernaean hydra
 27997 | Swamp:4  | Received a gift from Trog
 28041 | Swamp:4  | Got a decaying rune of Zot
 28551 | Swamp:4  | Reached XP level 18. HP: 134/176 MP: 7/19
 29002 | D:14     | Got a warped scale mail
 29003 | D:14     | Identified the +6 scale mail "Cairiupn" {rF+} (You found it
                  | on level 14 of the Dungeon)
 29219 | D:14     | Found a transporter.
 29223 | D:14     | Found the +2 pair of boots of the Assassin {Detection Stab+
                  | Stlth++}
 29224 | D:14     | Found a deep blue altar of Sif Muna.
 29239 | D:14     | Paralysed by an orc sorcerer for 5 turns
 29296 | D:14     | Got a warped copper ring
 29298 | D:14     | Lost intelligence.
 29298 | D:14     | Identified the ring "Wijetz Zeaga" {Str+4 Int-5 Dex+6
                  | Slay+3} (You found it on level 14 of the Dungeon)
 29339 | D:14     | Found a transporter.
 29821 | D:15     | Received a gift from Trog
 30126 | D:15     | Found a staircase to the Depths.
 30255 | Vaults:1 | Entered Level 1 of the Vaults
 31097 | Vaults:1 | Received a gift from Trog
 31311 | Orc:2    | Bought a brightly glowing plate armour for 784 gold pieces
 31330 | Orc:2    | Identified the +10 plate armour "Iminenno" {rPois rC++ rN+}
                  | (You bought it in a shop on level 2 of the Orcish Mines)
 31334 | Orc:2    | Bought a scroll of acquirement for 1456 gold pieces
 31684 | Vaults:2 | Noticed Frederick
 32013 | Vaults:1 | Received a gift from Trog
 32417 | Vaults:2 | Reached XP level 19. HP: 150/187 MP: 20/20
 32784 | Vaults:2 | Noticed Mennas
 33030 | Vaults:3 | Received a gift from Trog
 33075 | Vaults:3 | Found Hyusopt's Gadget Boutique.
 33353 | Vaults:4 | Found Paavanob's Food Shop.
 33418 | Vaults:4 | Found a ruined gateway.
 33464 | Desolati | Entered the Desolation of Salt
 33482 | Desolati | Received a gift from Trog
 33545 | Desolati | Identified the Reference Book on Darkness and the Frostbite
 33548 | Desolati | Identified the Disquisition on Flying Flames
 33747 | Desolati | Identified the Handbook of Aerial Poisoning
 33749 | Desolati | Identified Ykkocod's Grimoire of Stones and Conjuration
 33751 | Desolati | Identified Yxuy's Collected Works on Earth and Envenoming
 33753 | Desolati | Identified the Incunabulum of Companions
 33755 | Desolati | Identified the Handbook of Clay and Ignition
 33757 | Desolati | Identified the Guide on Captivating Poison
 33759 | Desolati | Identified the Guide on Unholy Moulding
 33761 | Desolati | Identified the Catalogue of the Birds and the Glacier
 33807 | Desolati | Received a gift from Trog
 34084 | Desolati | Identified the Catalogue of Displacement and Calling
 34088 | Desolati | Identified the Volume of Glacial Flames
 34458 | Vaults:4 | Received a gift from Trog
 34534 | Vaults:4 | Found Guas's Weapon Emporium.
 34567 | Vaults:4 | Reached XP level 20. HP: 163/200 MP: 21/21
 34690 | Vaults:4 | Found Reaskiv's Armour Emporium.
 34777 | Vaults:4 | Received a gift from Trog
 34854 | Vaults:4 | Noticed Mara
 34858 | Vaults:4 | Noticed martbhell's illusion
 35601 | Vaults:2 | Killed Frederick
 35930 | Vaults:2 | Received a gift from Trog
 36370 | Vaults:2 | Found a staircase to the Crypt.
 36726 | Vaults:2 | Received a gift from Trog
 36859 | Vaults:2 | Noticed Jory
 36877 | Vaults:2 | Killed Jory
 37707 | Elf:1    | Entered Level 1 of the Elven Halls
 37825 | Elf:1    | Reached XP level 21. HP: 210/210 MP: 22/22
 37836 | Elf:1    | Received a gift from Trog
 38233 | Elf:1    | Found a magical portal.
 38242 | WizLab   | Entered The Chambers of the Cloud Mage
 38606 | WizLab   | Received a gift from Trog
 38911 | WizLab   | Got a smoking marble ring
 38968 | WizLab   | Identified Sif Muna's Catalogue of Flight
 38972 | WizLab   | Identified the ring of Idetak {+Fly rC+ Dex+3} (You took it
                  | off a Cloud Mage in a wizard's laboratory)
 39275 | Elf:1    | Noticed Frances
 39290 | Elf:1    | Killed Frances
 39296 | Elf:1    | Killed the ghostly Frances
 39547 | Elf:2    | Received a gift from Trog
 39750 | Elf:2    | Received a gift from Trog
 39819 | Elf:2    | Found Esuybam's Gadget Boutique.
 39861 | Elf:2    | Found Feusaol's Jewellery Shoppe.
 39862 | Elf:2    | Found Buler's Gadget Boutique.
 39945 | Elf:2    | Found a deep blue altar of Sif Muna.
 40063 | Elf:2    | Found a huge runed gate.
 40063 | Elf:2    | Found a huge runed gate.
 40063 | Elf:2    | Found a huge runed gate.
 40064 | Elf:2    | Found a huge runed gate.
 40066 | Elf:2    | Found a huge runed gate.
 40734 | Depths:1 | Entered Level 1 of the Depths
 40904 | Depths:1 | Found Gozag's Antique Weapon Shoppe.
 40918 | Depths:1 | Noticed a golden dragon
 40920 | Depths:1 | Found an opulent altar of Gozag.
 40985 | Depths:1 | Found a one-way gate to the infinite horrors of the Abyss.
 41232 | Depths:1 | Found Gozag's Assorted Antiques.
 41254 | Depths:1 | Found Gozag's Antique Armour Shoppe.
 41295 | Depths:1 | Found a runed door.
 41328 | Depths:1 | Received a gift from Trog
 41340 | Depths:1 | Reached XP level 22. HP: 221/221 MP: 23/23
 41389 | Depths:1 | Found a roughly hewn altar of Beogh.
 41407 | Depths:1 | Identified the +0 scale mail "Favecsoa" {rF+ Dex+2 Stlth+}
                  | (You found it on level 1 of the Depths)
 41628 | Depths:1 | Found a gateway to Hell.
 41730 | Depths:1 | Found a one-way gate leading to the halls of Pandemonium.
 41812 | Depths:1 | Killed a golden dragon
 42141 | Depths:2 | Noticed a juggernaut
 42153 | Depths:2 | Killed a juggernaut
 42190 | Depths:2 | Noticed a juggernaut
 42204 | Depths:2 | Killed a juggernaut
 42371 | Depths:2 | Received a gift from Trog
 42529 | Depths:2 | Paralysed by a floating eye for 2 turns
 42560 | Depths:2 | Got a twisted plate armour
 42594 | Depths:2 | Identified the +1 plate armour of Luxinoaw {MP-9 Dex+3}
                  | (You found it on level 2 of the Depths)
 43541 | Depths:3 | Noticed a caustic shrike
 43542 | Depths:3 | Noticed a caustic shrike
 43552 | Depths:3 | Killed a caustic shrike
 43552 | Depths:3 | Noticed a caustic shrike
 43557 | Depths:3 | Killed a caustic shrike
 43557 | Depths:3 | Reached XP level 23. HP: 232/232 MP: 24/24
 43567 | Depths:3 | Killed a caustic shrike
 43867 | Depths:3 | Received a gift from Trog
 44177 | Depths:3 | Noticed a caustic shrike
 44191 | Depths:3 | Killed a caustic shrike
 44414 | Depths:3 | Noticed a juggernaut
 44414 | Depths:3 | Noticed a caustic shrike
 44434 | Depths:3 | Killed a juggernaut
 44452 | Depths:3 | Killed a caustic shrike
 44459 | Depths:3 | Found the +7 Kryia's mail coat {PotionHeal*2 rC+}
 44633 | Depths:3 | Found a snail-covered altar of Cheibriados.
 44888 | Depths:3 | Noticed Margery
 44918 | Depths:3 | Killed Margery
 44948 | Depths:3 | Reached skill level 5 in Evocations
 45319 | Depths:4 | Found a sparkling altar of Nemelex Xobeh.
 45570 | Depths:4 | Noticed a juggernaut
 45960 | Depths:4 | Killed a juggernaut
 46036 | Depths:4 | Reached XP level 24. HP: 125/244 MP: 25/25
 46267 | Depths:4 | Identified the +7 flail of the Bruised Blessings {flame,
                  | rC++} (You took it off a deep elf high priest on level 4 of
                  | the Depths)
 46431 | Depths:4 | Found a gateway to a ziggurat.
 46456 | Depths:5 | Entered Level 5 of the Depths
 47320 | Depths:5 | Received a gift from Trog
 47457 | Depths:5 | Found a gate to the Realm of Zot.
 47947 | Depths:2 | Found Qisiris's Weapon Shop.
 48076 | Depths:2 | Voluntarily entered the Abyss.
 48118 | Abyss:1  | Gained mutation: You are dopey. (Int -2) [a neqoxec]
 48269 | Abyss:1  | Paralysed by you for 5 turns
 48449 | Abyss:1  | Received a gift from Trog
 48634 | Abyss:1  | Paralysed by you for 3 turns
 48937 | Abyss:3  | Lost mutation: You have large cloven feet. [a neqoxec]
 49044 | Abyss:3  | Paralysed by accursed screaming for 1 turns
 49199 | Abyss:4  | Found a corrupted altar of Lugonu.
 49271 | Abyss:4  | Received a gift from Trog
 49281 | Abyss:4  | Identified the +6 battleaxe "Woseewow" {flame, *Rage rPois
                  | rC++ SInv} (Trog gifted it to you on level 4 of the Abyss)
 49314 | Abyss:4  | Got an abyssal rune of Zot
 49328 | Abyss:5  | Entered Level 5 of the Abyss
 49349 | Depths:2 | Escaped the Abyss
 49628 | Zot:1    | Entered Level 1 of the Realm of Zot
 49803 | Zot:1    | Reached XP level 25. HP: 205/255 MP: 25/25
 51505 | Zot:2    | Found a runed gate.
 51507 | Zot:2    | Found a runed gate.
 51508 | Zot:2    | Found a runed gate.
 51508 | Zot:2    | Noticed Hyrafo Surgh's ghost (veteran DDFi)
 51570 | Zot:2    | Killed Hyrafo Surgh's ghost
 52068 | Zot:2    | Identified the +1 ring mail of the Moon Troll {Str+3} (You
                  | found it on level 2 of the Realm of Zot)
 52448 | Zot:4    | Reached skill level 27 in Fighting
 52452 | Zot:4    | Received a gift from Trog
 52714 | Zot:3    | Identified the +5 war axe of Makhleb's Approval {chop, rF+
                  | rN+} (You found it on level 3 of the Realm of Zot)
 52754 | Zot:4    | Reached XP level 26. HP: 254/266 MP: 26/26
 54036 | Zot:4    | Identified the ring of Reatrus {rElec rC+++ Str+4 Int-2
                  | Dex+4} (You found it on level 4 of the Realm of Zot)
 54670 | Zot:5    | Entered Level 5 of the Realm of Zot
 55307 | Zot:5    | Noticed an ancient lich
 55314 | Zot:5    | Killed an ancient lich
 55350 | Zot:5    | Noticed an orb of fire
 55376 | Zot:5    | Killed an orb of fire
 55376 | Zot:5    | Reached skill level 27 in Armour
 55394 | Zot:5    | Noticed an orb of fire
 55407 | Zot:5    | Noticed an orb of fire
 55410 | Zot:5    | Killed an orb of fire
 55410 | Zot:5    | Gained mutation: Potions are less effective at restoring
                  | your health. [an orb of fire]
 55412 | Zot:5    | Gained mutation: Your body sometimes deteriorates upon
                  | taking damage. [an orb of fire]
 55441 | Zot:5    | Killed an orb of fire
 55527 | Zot:5    | Noticed an orb of fire
 55536 | Zot:5    | Gained mutation: Potions are poor at restoring your health.
                  | [an orb of fire]
 55543 | Zot:5    | Gained mutation: Your spells are a little easier to cast,
                  | but a little less powerful. [an orb of fire]
 55555 | Zot:5    | Gained mutation: You occasionally shout uncontrollably at
                  | your foes. [an orb of fire]
 55566 | Zot:5    | Killed an orb of fire
 55848 | Zot:5    | Noticed an orb of fire
 55849 | Zot:5    | Gained mutation: Potions cannot restore your health. [an
                  | orb of fire]
 55851 | Zot:5    | Gained mutation: You are very dopey. (Int -4) [an orb of
                  | fire]
 55853 | Zot:5    | Reached XP level 27. HP: 198/273 MP: 9/28
 55857 | Zot:5    | Gained mutation: Scrolls take you a little longer to read.
                  | [an orb of fire]
 55876 | Zot:5    | Killed an orb of fire
 55902 | Zot:5    | Noticed an ancient lich
 55904 | Zot:5    | Noticed an ancient lich
 55917 | Zot:5    | Killed an ancient lich
 55922 | Zot:5    | Killed an ancient lich
 56068 | Zot:2    | Lost mutation: Your body sometimes deteriorates upon taking
                  | damage. [potion of mutation]
 56068 | Zot:2    | Gained mutation: Your magical capacity is low. (-10% MP)
                  | [potion of mutation]
 56068 | Zot:2    | Lost mutation: You occasionally shout uncontrollably at
                  | your foes. [potion of mutation]
 56068 | Zot:2    | Gained mutation: You have sharp toenails. [potion of
                  | mutation]
 56320 | Depths:3 | Lost mutation: Scrolls take you a little longer to read.
                  | [potion of mutation]
 56320 | Depths:3 | Lost mutation: You possess an exceptional clarity of mind.
                  | [potion of mutation]
 56320 | Depths:3 | Lost mutation: You passively map a small area around you.
                  | [potion of mutation]
 56320 | Depths:3 | Lost mutation: You have sharp toenails. [potion of
                  | mutation]
 56320 | Depths:3 | Gained mutation: You are partially covered in rugged brown
                  | scales. (AC +1, +3% HP) [potion of mutation]
 56320 | Depths:3 | Gained mutation: You have sharp toenails. [potion of
                  | mutation]
 56365 | Depths:3 | Lost mutation: You are very dopey. (Int -4) [potion of
                  | mutation]
 56365 | Depths:3 | Lost mutation: You are dopey. (Int -2) [potion of mutation]
 56365 | Depths:3 | Lost mutation: Your magical capacity is low. (-10% MP)
                  | [potion of mutation]
 56365 | Depths:3 | Gained mutation: You are weak. (Str -2) [potion of
                  | mutation]
 56365 | Depths:3 | Gained mutation: Your flesh is cold resistant. (rC+)
                  | [potion of mutation]
 56527 | Zot:5    | Noticed an ancient lich
 56534 | Zot:5    | Noticed an ancient lich
 56548 | Zot:5    | Killed an ancient lich
 56554 | Zot:5    | Killed an ancient lich
 57329 | Zot:5    | Reached skill level 10 in Evocations
 57540 | Zot:5    | Got the Orb of Zot
 57610 | Zot:4    | Noticed Imnatoad the pandemonium lord
 57950 | D:10     | Noticed Gethull the pandemonium lord
 58084 | D:4      | Noticed Sosaasige the pandemonium lord
 58184 | D:$      | Escaped with the Orb!

Skill      XL: |  1  2  3  4  5  6  7  8  9 10 11 12 13 14 15 16 17 18 19 20 21 22 23 24 25 26 27 |
---------------+----------------------------------------------------------------------------------+-----
Fighting       | 4 5 6 7 8 10 11 13 14 15 16 17 18 19 20 21 22 23 24 25 26 27 | 27.0
Axes           | 4 5 6 7 8 10 11 13 14 16 18 19 20 21 22 23 24 25 26 | 26.0
Armour         | 3 4 6 7 8 9 11 12 13 14 16 17 18 19 20 22 24 25 27 | 27.0
Dodging        | 3 4 5 6 7 9 10 11 12 13 14 15 16 17 18 19 20 21 22 24 25 | 25.6
Evocations     | 1 2 3 5 6 8 10 | 10.0

Action                   |  1- 3 |  4- 6 |  7- 9 | 10-12 | 13-15 | 16-18 | 19-21 | 22-24 | 25-27 || total
-------------------------+-------+-------+-------+-------+-------+-------+-------+-------+-------++-------
Melee: Hand axe          |    34 |     7 |       |       |       |       |       |       |       ||    41
       Headbutt          |    10 |    19 |    46 |   113 |   206 |   331 |   352 |   416 |   346 ||  1839
       Mace              |       |   116 |   136 |     3 |     7 |       |       |       |       ||   262
       Kick              |       |    13 |    33 |       |       |       |       |       |       ||    46
       War axe           |       |       |    94 |   220 |       |       |       |       |       ||   314
       Battleaxe         |       |       |       |   261 |   788 |   712 |   437 |       |   257 ||  2455
       Unarmed           |       |       |       |       |     7 |       |       |       |       ||     7
       Whip              |       |       |       |       |    18 |   103 |    33 |       |       ||   154
       Executioner's axe |       |       |       |       |       |   332 |   775 |  1267 |   815 ||  3189
Throw: Javelin           |       |       |       |       |     2 |    85 |    53 |    28 |     4 ||   172
Invok: Berserk           |     1 |       |     2 |     5 |     6 |    10 |    10 |     9 |    13 ||    56
       Trog's Hand       |     1 |       |     4 |     5 |    10 |    26 |    53 |    53 |    70 ||   222
       Brothers in Arms  |       |       |     1 |     2 |     1 |     4 |     4 |     4 |     1 ||    17
Evoke: Wand              |       |       |     2 |    47 |    64 |    16 |    70 |    51 |    39 ||   289
       Sack of spiders   |       |       |       |       |       |       |     2 |       |       ||     2
       Lightning rod     |       |       |       |       |       |       |     1 |     1 |       ||     2
       Phantom mirror    |       |       |       |       |       |       |       |     1 |       ||     1
       Fan of gales      |       |       |       |       |       |       |       |     2 |     1 ||     3
  Use: Scroll            |     2 |     6 |     7 |    17 |     4 |    17 |    11 |    13 |    11 ||    88
       Potion            |     1 |     6 |       |     2 |     4 |    17 |     5 |     9 |    17 ||    61
 Stab: Confused          |       |       |       |     4 |       |       |       |       |       ||     4
       Paralysed         |       |       |       |     3 |     7 |     3 |       |       |       ||    13
       Distracted        |       |       |       |     2 |       |     1 |     2 |     1 |       ||     6
  Eat: Chunk             |       |     4 |     9 |    17 |    20 |    22 |    14 |    12 |    22 ||   120
       Ration            |       |     1 |     1 |     3 |     5 |    11 |    13 |    14 |    15 ||    63
Armor: Scale mail        |    14 |    62 |    99 |   204 |   456 |   546 |       |       |       ||  1381
       Animal skin       |     1 |       |       |       |       |       |       |       |       ||     1
       Plate armour      |       |       |       |       |       |    52 |   610 |   674 |   642 ||  1978
Dodge: Dodged            |    35 |    86 |   160 |   355 |   793 |  1292 |   914 |   952 |  1033 ||  5620
